 Dungeon Crawl Stone Soup version 0.30.0-5-g1a98f26d00 (webtiles) character file.

Game seed: 2653313661431058581

190 browni3141 the Trooper (level 5, 0/57 HPs)
             Began as an Ogre Delver on May 10, 2023.
             Slain by a kobold brigand
             ... wielding a +0 whip
              (9 damage)
             ... on level 4 of the Dungeon.
             The game lasted 00:08:06 (4070 turns).

browni3141 the Trooper (Ogre Delver)                Turns: 4070, Time: 00:08:07

Health: 0/57       AC:  3    Str: 18    XL:     5   Next: 69%
Magic:  5/5        EV:  6    Int: 11    God:
Gold:   220        SH: 10    Dex: 10    Spells: 4/4 levels left

rFire   + . .        a - +0 mace
rCold   x . .        Y - +0 tower shield
rNeg    . . .        b - +0 robe
rPois   .            (helmet restricted)
rElec   .            (no cloak)
rCorr   +            (gloves unavailable)
SInv    .            (boots unavailable)
Will    .....        (no amulet)
Stlth   ++           V - ring of resist corrosion
HPRegen 0.29/turn    W - ring of fire
MPRegen 0.09/turn

%: no passive effects
@: no status effects
A: large, unfitting armour, tough skin 1
a: no special abilities


You were on level 4 of the Dungeon.
You visited 1 branch of the dungeon, and saw 5 of its levels.

You collected 265 gold pieces.
You spent 45 gold pieces at shops.

Inventory:

Hand Weapons
 a - a +0 mace (weapon)
Missiles
 G - 55 stones
 J - 5 javelins (quivered)
Armour
 b - a +0 robe (worn)
 Y - a +0 tower shield (worn)
Jewellery
 K - an amulet of magic regeneration
 V - a ring of resist corrosion (left hand)
 W - a ring of fire (right hand)
Wands
 g - a wand of digging (3)
Scrolls
 d - a scroll of magic mapping
 e - a scroll of fear
 F - 2 scrolls of fog
 H - a scroll of vulnerability
 I - a scroll of blinking
 M - 2 scrolls of noise
 P - a scroll of poison
 Q - a scroll of teleportation {unknown}
 R - 2 scrolls of enchant weapon {unknown}
Potions
 h - 2 potions of haste
 L - 3 potions of lignification
 N - 2 potions of attraction
 O - 2 potions of curing {unknown}
 S - 2 potions of heal wounds {unknown}
 T - a potion of resistance {unknown}
 U - a potion of might {unknown}
 Z - a potion of brilliance {unknown}


   Skills:
 + Level 5.3 Fighting
 * Level 3.9 Maces & Flails
 - Level 2.0 Throwing
 - Level 1.7 Dodging
 - Level 3.7 Stealth
 * Level 1.0 Shields


You had 4 spell levels left.
You didn't know any spells.
Your spell library contained the following spells:

 Spells                   Type           Power      Damage    Failure   Level
 Call Canine Familiar     Summ           0%         N/A       100%        3
 Portal Projectile        Hex/Tloc       0%         N/A       100%        3
 Leda's Liquefaction      Hex/Erth       0%         N/A       100%        4


Dungeon Overview and Level Annotations

Branches:
Dungeon (5/15)
 Temple: D:4-7

Altars:
Makhleb

Shops:
D:3 [=[[:

Annotations:
D:4 Pargi


Innate Abilities, Weirdness & Mutations

You are too large for most types of armour.
You have tough skin. (AC +1)


Message History

You have difficulty breathing.
You feel yourself slow down.
The kobold brigand throws a curare-tipped dart.
The curare-tipped dart hits you.
You are more poisoned.
You have difficulty breathing.
You feel as though you will be slow longer.
You throw a stone.
The stone hits the kobold brigand but does no damage.
The kobold brigand is lightly wounded.
You feel extremely sick.
The kobold brigand throws a curare-tipped dart.
You block the curare-tipped dart.
You feel very sick.
You climb upwards.
You feel very sick.
There is a stone staircase leading down here.
You start resting.
You feel very sick.
You feel sick. x4
You are no longer poisoned.
You start resting.
You feel yourself speed up.
You start resting.
HP restored.
There is a stone staircase leading up here.
You climb upwards.
There is a stone staircase leading down here.
There is a stone staircase leading down here.
You climb downwards.
There is a stone staircase leading up here.
There is a stone staircase leading down here.
You climb downwards.
Level annotation: Pargi
There is a stone staircase leading up here.
You now have 220 gold pieces (gained 13).
L - 3 potions of lignification (gained 1)
You open the door.
There is an open door here.
You open the door.
There is an open door here.
The kobold brigand throws a curare-tipped dart.
You block the curare-tipped dart.
You throw a poisoned dart.
The poisoned dart barely misses the kobold brigand.
You throw a poisoned dart.
The poisoned dart hits the kobold brigand.
The kobold brigand is poisoned.
The kobold brigand throws a curare-tipped dart.
The curare-tipped dart completely misses you.
You throw a poisoned dart.
The poisoned dart barely misses the kobold brigand.
The kobold brigand throws a curare-tipped dart.
The curare-tipped dart hits you.
You are poisoned.
You have difficulty breathing.
You feel yourself slow down.
You feel sick.
The kobold brigand throws a curare-tipped dart.
You block the curare-tipped dart.
You feel sick.
There is a stone staircase leading up here.
You feel sick.
You are no longer poisoned.
Press: ? - help, v - describe, . - travel
Here: a kobold brigand, wielding a +0 whip and quivering curare-tipped darts (moderately wounded)
The floor.
The kobold brigand barely misses you.
You hit the kobold brigand.
The kobold brigand is moderately wounded.
You block the kobold brigand's attack. x2
You completely miss the kobold brigand.
The kobold brigand is moderately wounded.
The kobold brigand hits you with a +0 whip. x2
The kobold brigand hits you with a +0 whip!
You barely miss the kobold brigand.
The kobold brigand is moderately wounded.
You block the kobold brigand's attack.
The kobold brigand completely misses you.
You sock the kobold brigand!
The kobold brigand is severely wounded.
You feel yourself speed up.
The kobold brigand hits you with a +0 whip.
The kobold brigand hits you with a +0 whip!
You hit the kobold brigand.
The kobold brigand is severely wounded.
The kobold brigand hits you with a +0 whip.
You block the kobold brigand's attack.
You closely miss the kobold brigand.
The kobold brigand is severely wounded.
You block the kobold brigand's attack.
You barely miss the kobold brigand.
The kobold brigand is severely wounded.
The kobold brigand hits you with a +0 whip!
* * * LOW HITPOINT WARNING * * *
The kobold brigand barely misses you.
Throw: 6 javelins
Press: ? - help, Q - select action, (/) - cycle Shift-Dir - straight line, f/p - kobold brigand
Aim: a kobold brigand, wielding a +0 whip and quivering curare-tipped darts (severely wounded, 51% to hit)
You throw a javelin. The javelin misses the kobold brigand.
The kobold brigand hits you with a +0 whip!
You die...

#..........
#.#........
#.#...# ...
#.#...#....
#.).....((>
###......#.
#..........
####.##....###
#...<@K.....(.
#.##.#........
####'##......####
#.....######.#
#.....# .# ##
#.....# .### .#
#.....# ..# .#
####'## ###.###.#
.#
#.#######.......#


You could see a kobold brigand.

Vanquished Creatures
  10 adders
  An ufetubus (D:4)
  A worm (D:2)
  3 dart slugs
  2 orcs (D:3)
  9 ball pythons
  8 endoplasms
  4 giant cockroaches
  3 goblins
  11 hobgoblins
  6 jackals
  5 quokkas
  8 bats
  A frilled lizard (D:1)
  3 kobolds
  4 rats
79 creatures vanquished.

Notes
Turn   | Place    | Note
-------+----------+-------------------------------------------
     0 | D:5      | browni3141 the Ogre Delver began the quest for the Orb.
     0 | D:5      | Reached XP level 1. HP: 24/24 MP: 1/1
    73 | D:4      | Found a burning altar of Makhleb.
   172 | D:4      | Reached XP level 2. HP: 6/32 MP: 2/2
   301 | D:4      | Noticed Pargi
   429 | D:2      | Reached XP level 3. HP: 40/40 MP: 3/3
   713 | D:1      | Found a faded altar of an unknown god.
  1533 | D:2      | Reached skill level 3 in Maces & Flails
  1564 | D:2      | Reached XP level 4. HP: 49/49 MP: 4/4
  2264 | D:3      | Found Seheomua's Jewellery Boutique.
  2286 | D:3      | Reached skill level 5 in Fighting
  2327 | D:3      | Reached XP level 5. HP: 46/57 MP: 5/5
  2515 | D:3      | Noticed an ogre
  2613 | D:3      | Found Vefae's Book Shop.
  2620 | D:3      | Found Ifi Zen's Armour Shop.
  2794 | D:3      | Bought a +0 tower shield for 45 gold pieces
  2824 | D:3      | Found Senk's Antique Armour Boutique.
  2973 | D:3      | Found Ypsecewk's Antique Armour Emporium.
  3624 | D:4      | Noticed a kobold brigand
  4070 | D:4      | Slain by a kobold brigand

Illustrated notes

Levels and vault maps discovered:
D:1:      spicycebolla_arrival_xxxplode, layout_loops_ring,
          basic_ecumenical_altar
D:2:      layout_basic
D:3:      minmay_bubble_buster, layout_loops_ring, serial_shops, shop, shop,
          shop, nicolae_book_shop_shelving, shop, corexii_shack,
          minmay_misc_feat_x
D:4:      layout_basic, mainiacjoe_overflow_24_doors,
          mainiacjoe_overflow_cross_hatched, minmay_misc_feat_roman,
          grunt_decor_fettered, uniq_pargi
D:5:      layout_gridville, minmay_temple_entry_mini_moons,
          chequers_serial_rivers_marsh, uniq_edmund

Skill      XL: |  1  2  3  4  5 |
---------------+----------------+-----
Maces & Flails | 2 3 |  3.9
Throwing       | 1 2 |  2.0
Fighting       | 5 |  5.3
Shields        | 1 |  1.0
Dodging        | |  1.7
Stealth        | |  3.7

Action                     |  1- 3 |  4- 6 || total
---------------------------+-------+-------++-------
  Melee: Mace              |   108 |   198 ||   306
  Throw: Stone             |     6 |     3 ||     9
         Dart              |       |     3 ||     3
         Javelin           |       |     1 ||     1
    Use: Scroll            |     4 |     3 ||     7
   Stab: Sleeping          |     7 |     2 ||     9
 Armour: Robe              |    41 |    71 ||   112
  Dodge: Dodged            |    66 |   100 ||   166
  Block: Tower shield      |       |    44 ||    44
